 Dungeon Crawl Stone Soup version 0.18.1-50-g88ac8fd (webtiles) character file.

889 Gargoyl the Covered (level 7, -8/55 HPs)
             Began as a Demonspawn Abyssal Knight on Oct 1, 2016.
             Was a Priest of Lugonu.
             Mangled by Drunkenshrew's ghost (20 damage)
             ... on level 6 of the Dungeon.
             The game lasted 00:08:06 (4699 turns).

Gargoyl the Covered (Demonspawn Abyssal Knight)     Turns: 4699, Time: 00:08:07

Health: -8/55      AC: 21    Str: 15    XL:     7   Next: 77%
Magic:  19/19      EV:  4    Int: 13    God:    Lugonu [***...]
Gold:   242        SH:  7    Dex: 12    Spells: 0 memorised, 6 levels left

rFire  + . .     SeeInvis +     m - +3 war axe
rCold  . . .     Gourm    .     d - +0 chain mail
rNeg   . . .     Faith    .     s - +0 shield
rPois  .         Spirit   .     p - +2 hat
rElec  .         Dismiss  .     (no cloak)
rCorr  .         Reflect  .     (no gloves)
SustAt .         Harm     .     b - +0 pair of boots
MR     .....                    (no amulet)
Stlth  ..........               v - ring of magical power
                                r - ring of see invisible

@: drained, not resistant to hostile enchantments, extremely unstealthy
A: iridescent scales 3, fire resistance 1, spiny 1
a: Depart the Abyss, Bend Space, Banish, Renounce Religion


You were on level 6 of the Dungeon.
You worshipped Lugonu.
Lugonu was most pleased with you.
You were not hungry.

You visited 1 branch of the dungeon, and saw 6 of its levels.
You visited the Abyss 1 time.

You collected 242 gold pieces.

Inventory:

Hand Weapons
 m - a +3 war axe (weapon)
 u - a +0 war axe
Missiles
 h - 3 poisoned tomahawks (quivered)
Armour
 b - a +0 pair of boots (worn)
 d - a +0 chain mail (worn)
 p - a +2 hat (worn)
 s - a +0 shield (worn)
Jewellery
 r - a ring of see invisible (left hand)
 v - a ring of magical power (right hand)
Wands
 j - a wand of flame (33/48)
Scrolls
 e - a scroll of fog
 k - 2 scrolls of identify
 l - a scroll of teleportation
Potions
 g - 2 potions of curing
 q - a potion of flight {unknown}
 t - a potion of heal wounds {unknown}
 w - a potion of cancellation {unknown}
Comestibles
 c - 4 bread rations
 f - a slice of pizza
 i - 5 fruits
 n - 2 beef jerkies
 o - 2 meat rations


   Skills:
 + Level 4.6(3.8) Fighting
 + Level 3.3(2.6) Axes
 * Level 5.7(4.9) Armour
 + Level 2.4(1.6) Dodging
 + Level 0.8(0.1) Shields
 * Level 4.8(4.0) Invocations


You had 6 spell levels left.
You didn't know any spells.

Dungeon Overview and Level Annotations

Branches:
Dungeon (6/15)
 Temple: D:4-7

Altars:
Elyvilon
Nemelex Xobeh
Pakellas
Sif Muna
Yredelemnul

Annotations:
D:6 Drunkenshrew's ghost, novice DrSk


Innate Abilities, Weirdness & Mutations

You are completely covered in iridescent scales (AC +8).
Your flesh is heat resistant.
You are partially covered in sharp spines.


Message History

The ogre is struck by your spines.
You kill the ogre!
Lugonu accepts your kill.
Drunkenshrew's ghost's shroud bends your attack away!
Drunkenshrew's ghost hits you but does no damage.
You closely miss Drunkenshrew's ghost.
You block Drunkenshrew's ghost's attack.
Drunkenshrew's ghost is struck by your spines.
Drunkenshrew's ghost hits you but does no damage.
You hit Drunkenshrew's ghost.
Drunkenshrew's ghost is lightly damaged.
Drunkenshrew's ghost breathes negative energy at you.
The bolt of negative energy hits you!
You feel drained.
* * * LOW HITPOINT WARNING * * *
You closely miss Drunkenshrew's ghost.
Drunkenshrew's ghost is lightly damaged.
Drunkenshrew's ghost hits you.
* * * LOW HITPOINT WARNING * * *
You are electrocuted!
You die...

# #.# #.# #...
#.#.# ##. #.#
#### #.#.# #..
#.# ..... #.# #.#
#.#.# #.# #.#
#(#.######.# #.#
#####
#(#........#####
#.# #....
##.##.........!.#
#.# #.###
#..........W@...#
#.# #.#
#####...........#
#.# #.#
.........#######
#.# #.#
>.........# #.#
#.# ...........#
#.# #.#
...........# #.#
#.# ...........#
#.# #.#
...........# #.#
#.# #.#####.#


You could see Drunkenshrew's ghost.

Vanquished Creatures
  The ghost of Gargoyl the Skirmisher, an amateur DsAK of Lugonu (D:4)
  A phantom (D:4)
  An ogre (D:6)
  A crimson imp (D:5)
  A giant frog zombie (D:5)
  2 hounds (D:4)
  An orc priest (D:5)
  4 orc wizards
  2 worker ants
  A worker ant zombie (D:5)
  5 adders
  An ooze (D:2)
  An adder skeleton (D:5)
  5 worms
  4 dart slugs
  5 giant geckos
  16 orcs
  10 bats
  4 giant cockroaches
  4 hobgoblins
  6 jackals
  2 quokkas
  3 ball pythons
  2 ball python skeletons (D:4)
  A giant gecko skeleton (D:5)
  5 giant newts
  2 goblins (D:2)
  6 kobolds
  3 rats
100 creatures vanquished.

Vanquished Creatures (others)
  An orc wizard (D:3)
1 creature vanquished.

Grand Total: 101 creatures vanquished

Notes
Turn   | Place    | Note
--------------------------------------------------------------
     0 | Abyss:1  | Gargoyl the Demonspawn Abyssal Knight began the quest for the Orb.
     0 | Abyss:1  | Reached XP level 1. HP: 18/18 MP: 2/2
   133 | Abyss:1  | Noticed a small abomination
   144 | Abyss:1  | Noticed a small abomination
   156 | Abyss:1  | Noticed a small abomination
   191 | D:1      | Escaped the Abyss
   253 | D:1      | Reached skill level 1 in Dodging
   371 | D:1      | Reached skill level 2 in Armour
   410 | D:1      | Gained mutation: You are partially covered in iridescent scales (AC +4). [demonic ancestry]
   410 | D:1      | Reached XP level 2. HP: 24/24 MP: 4/4
   466 | D:1      | Reached * piety under Lugonu
  1080 | D:2      | Gained mutation: You are mostly covered in iridescent scales (AC +6). [demonic ancestry]
  1080 | D:2      | Reached XP level 3. HP: 4/29 MP: 5/5
  1360 | D:2      | Found a sparkling altar of Nemelex Xobeh.
  1707 | D:2      | Gained mutation: Your flesh is heat resistant. [demonic ancestry]
  1707 | D:2      | Reached XP level 4. HP: 35/35 MP: 6/6
  1937 | D:2      | Reached ** piety under Lugonu
  1995 | D:3      | Reached skill level 3 in Armour
  2316 | D:3      | Gained mutation: You are partially covered in sharp spines. [demonic ancestry]
  2316 | D:3      | Reached XP level 5. HP: 37/42 MP: 7/7
  2920 | D:4      | Noticed Gargoyl's ghost (amateur DsAK)
  2953 | D:4      | Killed Gargoyl's ghost
  2953 | D:4      | Reached skill level 4 in Armour
  2953 | D:4      | Gained mutation: You are completely covered in iridescent scales (AC +8). [demonic ancestry]
  2953 | D:4      | Reached XP level 6. HP: 19/48 MP: 7/9
  3273 | D:4      | Reached XP level 7. HP: 45/54 MP: 10/10
  3618 | D:4      | Found an oddly glowing altar of Pakellas.
  3618 | D:4      | Found a deep blue altar of Sif Muna.
  3619 | D:4      | Found a basalt altar of Yredelemnul.
  3755 | D:5      | Entered Level 5 of the Dungeon
  3767 | D:5      | Reached skill level 5 in Armour
  3862 | D:5      | Found an oddly glowing altar of Pakellas.
  3895 | D:5      | Found a white marble altar of Elyvilon.
  4107 | D:5      | Reached *** piety under Lugonu
  4686 | D:6      | Noticed Drunkenshrew's ghost (novice DrSk)
  4699 | D:6      | Mangled by Drunkenshrew's ghost

Skill      XL: |  1  2  3  4  5  6  7 |
---------------+----------------------+-----
Dodging        | 1 2 |  2.4
Armour         | 2 3 4 5 |  5.7
Axes           | 2 3 |  3.3
Invocations    | 3 4 |  4.8
Fighting       | 4 |  4.6
Shields        | |  0.8

Action                   |  1- 3 |  4- 6 |  7- 9 || total
-------------------------+-------+-------+-------++-------
Melee: Hand axe          |   119 |   141 |    22 ||   282
       War axe           |       |       |    32 ||    32
Throw: Tomahawk          |       |       |     2 ||     2
Invok: Depart the Abyss  |     1 |       |       ||     1
  Use: Potion            |     2 |     3 |     1 ||     6
       Scroll            |     1 |     8 |     4 ||    13
  Eat: Chunk             |     3 |     5 |     1 ||     9
       Bread ration      |       |       |     1 ||     1
Armor: Chain mail        |    97 |   114 |    44 ||   255
       Skin              |       |     3 |       ||     3
Dodge: Dodged            |    45 |    38 |     9 ||    92
Block: Shield            |       |     2 |    19 ||    21
